 Dungeon Crawl Stone Soup version 0.29.1-2-gbd0b4ee654 (webtiles) character file.

Game seed: 10279143157132167264

1528 qeuew the Skirmisher (level 8, -2/64 HPs)
             Began as a Gnoll Hunter on Nov 4, 2022.
             Slain by a gnoll sergeant
             ... wielding a +3 spear of venom
              (6 damage)
             ... on level 6 of the Dungeon.
             The game lasted 00:11:21 (5226 turns).

qeuew the Skirmisher (Gnoll Hunter)                 Turns: 5226, Time: 00:11:22

Health: -2/64      AC:  7    Str: 11    XL:     8   Next: 85%
Magic:  13/13      EV: 15    Int:  9    God:
Gold:   262        SH:  0    Dex: 20    Spells: 14/14 levels left

rFire   . . .      SeeInvis +   o - +0 shortbow (freeze)
rCold   + . .      Faith    +   (shield currently unavailable)
rNeg    . . .      Spirit   .   i - +0 leather armour "Lyit" {+Blink rElec rC+ Dex+3}
rPois   .          Reflect  .   (no helmet)
rElec   +          Harm     .   (no cloak)
rCorr   .          Rampage  .   f - +2 pair of gloves
Will    +....                   d - +0 pair of boots
Stlth   +++.......              m - amulet of faith
HPRegen 0.20/turn               c - ring of see invisible
MPRegen 0.13/turn               k - ring of willpower

@: lethally poisoned (-2 -> -10)
A: fangs 1, strong nose, distributed training, hooves 1
a: Evoke Blink


You were on level 6 of the Dungeon.
You visited 1 branch of the dungeon, and saw 6 of its levels.

You collected 262 gold pieces.

Inventory:

Hand Weapons
 b - a +3 vorpal falchion
 o - a +0 shortbow of freezing (weapon)
Armour
 d - a +0 pair of boots (worn)
 f - a +2 pair of gloves (worn)
 i - the +0 leather armour "Lyit" (worn) {+Blink rElec rC+ Dex+3}
   (You found it on level 3 of the Dungeon)

   Dex:       It affects your dexterity (+3).
   rC:        It protects you from cold.
   rElec:     It insulates you from electricity.
   +Blink:    It lets you blink.
Jewellery
 c - a ring of see invisible (left hand)
 k - a ring of willpower (right hand)
 m - an amulet of faith (around neck)
Wands
 a - a wand of flame (20)
 j - a wand of roots (12)
Scrolls
 n - a scroll of identify
Potions
 g - 2 potions of flight
 h - a potion of cancellation
 l - a potion of mutation


   Skills:
 + Level 6.0 Fighting
 + Level 3.7 Short Blades
 + Level 3.7 Long Blades
 + Level 3.7 Axes
 + Level 3.7 Maces & Flails
 + Level 3.7 Polearms
 + Level 3.7 Staves
 + Level 9.4 Ranged Weapons
 + Level 3.7 Throwing
 + Level 3.7 Armour
 + Level 6.0 Dodging
 + Level 4.5 Stealth
 + Level 3.7 Shields
 + Level 3.7 Unarmed Combat
 + Level 3.7 Spellcasting
 + Level 3.1 Conjurations
 + Level 3.1 Hexes
 + Level 3.1 Summonings
 + Level 3.1 Necromancy
 + Level 3.1 Translocations
 + Level 3.1 Transmutations
 + Level 3.1 Fire Magic
 + Level 3.1 Ice Magic
 + Level 3.1 Air Magic
 + Level 3.1 Earth Magic
 + Level 3.1 Poison Magic
 + Level 4.1 Invocations
 + Level 3.7 Evocations


You had 14 spell levels left.
You didn't know any spells.
Your spell library contained the following spells:

 Spells                   Type           Power      Damage    Failure   Level
 Magic Dart               Conj           28%        1d4       10%         1
 Sting                    Tmut/Pois      28%        1d4       10%         1
 Poisonous Vapours        Pois/Air       14%        N/A       16%         2
 Searing Ray              Conj           14%        2d5       16%         2
 Ignite Poison            Fire/Tmut/Pois 7%         N/A       30%         3
 Mephitic Cloud           Conj/Pois/Air  7%         N/A       30%         3
 Fulminant Prism          Conj/Hex       3%         3d6       69%         4
 Iskenderun's Mystic Bla  Conj/Tloc      7%         2d4       69%         4
 Olgreb's Toxic Radiance  Pois           7%         N/A       69%         4
 Freezing Cloud           Conj/Ice/Air   3%         6-21      95%         5
 Lee's Rapid Deconstruct  Erth           3%         3d6*      95%         5


Dungeon Overview and Level Annotations

Branches:
Dungeon (6/15)
 Temple: D:4-7

Altars:
Fedhas
Gozag
Kikubaaqudgha
Ru
Uskayaw
Xom
The Shining One

Shops:
D:4 *

Annotations:
D:2 Robin


Innate Abilities, Weirdness & Mutations

You have very sharp teeth.
Your uncanny sense of smell can sniff out nearby items.
Your experience applies equally to all skills.
You have large cloven feet.


Message History

You are poisoned.
You shoot an arrow.
The arrow hits the gnoll sergeant but does no damage.
You feel very sick. The gnoll sergeant misses you.
You shoot an arrow. The gnoll sergeant blocks the arrow.
You feel very sick.
The gnoll sergeant completely misses you.
You shoot an arrow.
The arrow hits the gnoll sergeant but does no damage.
You feel sick. The gnoll sergeant closely misses you.
You shoot an arrow. The arrow hits the gnoll sergeant.
The arrow freezes the gnoll sergeant.
The gnoll sergeant is lightly wounded.
You feel sick.
The gnoll sergeant hits you from afar with a +3 spear of venom!
You are more poisoned.
You feel very sick.
You feel very sick.
Okay, then.
Okay, then.
It was a potion of cancellation.
You feel magically purged.
You feel very sick.
The gnoll sergeant hits you from afar with a +3 spear of venom!
* * * LOW HITPOINT WARNING * * *
You feel very sick.
You feel sick.
You feel sick.
You feel sick.
You feel sick.
You feel sick.
You feel sick.
You feel sick.
You are no longer poisoned.
The gnoll sergeant hits you but does no damage.
You are lethally poisoned!
* * * LOW HITPOINT WARNING * * *
You feel very sick.
The gnoll sergeant hits you from afar with a +3 spear of venom.
You die...

#.# #.# #.# #.#
#.# #.# #######
#.# #.g..g. #.#
#.##### #@######
#.# #..gg..#
##g##
######.####...##
##.#.##.....#
#.###g......#
##.#.##.....#
##.####...## ###
#####


You could see a gnoll sergeant and a gnoll.

Vanquished Creatures
  Sigmund (D:4)
  A sky beast (D:4)
  3 ice beasts (D:5)
  An ogre (D:6)
  3 centaurs
  A kobold brigand (D:6)
  A gnoll sergeant (D:5)
  A howler monkey (D:5)
  A jelly (D:5)
  A hound (D:6)
  Jessica (D:2)
  5 iguanas
  4 orc wizards
  6 adders
  A shadow imp (D:5)
  4 ufetubi
  2 worms (D:3)
  7 dart slugs
  6 orcs
  5 bats
  4 endoplasms
  6 giant cockroaches
  13 goblins
  8 hobgoblins
  A jackal (D:4)
  14 kobolds
  3 quokkas
  7 ball pythons
  5 frilled lizards
  4 rats
120 creatures vanquished.

Vanquished Creatures (others)
  3 plants (D:1)
3 creatures vanquished.

Grand Total: 123 creatures vanquished

Notes
Turn   | Place    | Note
-------+----------+-------------------------------------------
     0 | D:1      | qeuew the Gnoll Hunter began the quest for the Orb.
     0 | D:1      | Reached XP level 1. HP: 20/20 MP: 1/1
   154 | D:1      | Reached XP level 2. HP: 26/26 MP: 2/2
   302 | D:1      | Found a faded altar of an unknown god.
   658 | D:2      | Reached XP level 3. HP: 31/31 MP: 3/3
   724 | D:2      | Reached skill level 1 in Invocations
   826 | D:2      | Noticed Robin
   849 | D:1      | Reached skill level 1 in Short Blades
   849 | D:1      | Reached skill level 1 in Long Blades
   849 | D:1      | Reached skill level 1 in Axes
   849 | D:1      | Reached skill level 1 in Maces & Flails
   849 | D:1      | Reached skill level 1 in Polearms
   849 | D:1      | Reached skill level 1 in Staves
   849 | D:1      | Reached skill level 1 in Throwing
   849 | D:1      | Reached skill level 1 in Armour
   849 | D:1      | Reached skill level 1 in Shields
   849 | D:1      | Reached skill level 1 in Unarmed Combat
   849 | D:1      | Reached skill level 1 in Spellcasting
   849 | D:1      | Reached skill level 1 in Evocations
  1452 | D:2      | Reached XP level 4. HP: 38/38 MP: 5/5
  1515 | D:2      | Noticed Jessica
  1522 | D:2      | Killed Jessica
  1523 | D:2      | Reached skill level 1 in Conjurations
  1523 | D:2      | Reached skill level 1 in Hexes
  1523 | D:2      | Reached skill level 1 in Summonings
  1523 | D:2      | Reached skill level 1 in Necromancy
  1523 | D:2      | Reached skill level 1 in Translocations
  1523 | D:2      | Reached skill level 1 in Transmutations
  1523 | D:2      | Reached skill level 1 in Fire Magic
  1523 | D:2      | Reached skill level 1 in Ice Magic
  1523 | D:2      | Reached skill level 1 in Air Magic
  1523 | D:2      | Reached skill level 1 in Earth Magic
  1523 | D:2      | Reached skill level 1 in Poison Magic
  1675 | D:2      | Gained mutation: You have large cloven feet. [potion of
                  | mutation]
  1735 | D:3      | Identified the +0 leather armour "Lyit" {+Blink rElec rC+
                  | Dex+3}
  1808 | D:3      | Found a glowing golden altar of the Shining One.
  1824 | D:3      | Reached XP level 5. HP: 39/43 MP: 5/7
  1970 | D:3      | Found a hide-covered altar of Uskayaw.
  2876 | D:4      | Found Riwkeuxkug's CLEARANCE SALE!.
  2910 | D:4      | Noticed Sigmund
  2918 | D:4      | Killed Sigmund
  2919 | D:4      | Reached skill level 5 in Fighting
  2919 | D:4      | Reached skill level 5 in Dodging
  2919 | D:4      | Reached XP level 6. HP: 36/51 MP: 7/9
  2938 | D:4      | Noticed a sky beast
  2945 | D:4      | Killed a sky beast
  2946 | D:4      | Reached XP level 7. HP: 39/56 MP: 10/10
  3215 | D:4      | Found an opulent altar of Gozag.
  3216 | D:4      | Found a shimmering altar of Xom.
  3216 | D:4      | Identified the +5 rapier "Tormentor" {protect, rElec Dex+3}
  3340 | D:4      | Found a sacrificial altar of Ru.
  3421 | D:4      | Found an ancient bone altar of Kikubaaqudgha.
  3613 | D:5      | Entered Level 5 of the Dungeon
  3640 | D:5      | Reached skill level 9 in Ranged Weapons
  3945 | D:5      | Reached XP level 8. HP: 63/63 MP: 12/12
  4409 | D:5      | Found a blossoming altar of Fedhas.
  5208 | D:6      | HP: 3/64 [poisoned by a gnoll sergeant]
  5226 | D:6      | Slain by a gnoll sergeant

Illustrated notes

Levels and vault maps discovered:
D:1:      giann_forest_graveyard, layout_rooms,
          dilly_ecumenical_altar_fadedgnrine
D:2:      layout_rooms, uniq_jessica, uniq_robin
D:3:      layout_basic, nicolae_uskayaw_dance_hall,
          nicolae_overflow_crystal_walls, hangedman_glass_teeth
D:4:      layout_loops_ring, amethyst_overflow_temple_binary,
          nicolae_overflow_squiral, st_stairs_13, nicolae_shop_clearance,
          uniq_sigmund
D:5:      kennysheep_six_static_rooms, layout_rooms,
          fedhas_bush_and_centaur_altar
D:6:      layout_loops_ring

Skill      XL: |  1  2  3  4  5  6  7  8 |
---------------+-------------------------+-----
Invocations    | 1 2 3 4 |  4.1
Short Blades   | 1 2 3 |  3.7
Long Blades    | 1 2 3 |  3.7
Axes           | 1 2 3 |  3.7
Maces & Flails | 1 2 3 |  3.7
Polearms       | 1 2 3 |  3.7
Staves         | 1 2 3 |  3.7
Throwing       | 1 2 3 |  3.7
Armour         | 1 2 3 |  3.7
Shields        | 1 2 3 |  3.7
Unarmed Combat | 1 2 3 |  3.7
Spellcasting   | 1 2 3 |  3.7
Evocations     | 1 2 3 |  3.7
Conjurations   | 1 2 3 |  3.1
Hexes          | 1 2 3 |  3.1
Summonings     | 1 2 3 |  3.1
Necromancy     | 1 2 3 |  3.1
Translocations | 1 2 3 |  3.1
Transmutations | 1 2 3 |  3.1
Fire Magic     | 1 2 3 |  3.1
Ice Magic      | 1 2 3 |  3.1
Air Magic      | 1 2 3 |  3.1
Earth Magic    | 1 2 3 |  3.1
Poison Magic   | 1 2 3 |  3.1
Fighting       | 5 6 |  6.0
Dodging        | 5 6 |  6.0
Stealth        | 3 4 |  4.5
Ranged Weapons | 9 |  9.4

Action                   |  1- 3 |  4- 6 |  7- 9 || total
-------------------------+-------+-------+-------++-------
Melee: Hand axe          |    13 |       |       ||    13
       Falchion          |       |     1 |    16 ||    17
       Bite              |       |       |     2 ||     2
 Fire: Shortbow          |    94 |    89 |   163 ||   346
  Use: Scroll            |     2 |     7 |     4 ||    13
       Potion            |       |     2 |     3 ||     5
Armor: Leather armour    |    23 |     7 |    28 ||    58
Dodge: Dodged            |    52 |    13 |    71 ||   136
